AoeStats
← KHILJI

Arabia

509692802Analyzed
3v3 RM · 4d ago on Sep 27, 2026· 54m 34s· 6 players
Game mode
Random Map
Map size
Normal (6 player)
Population
200
Speed
Normal
Resources
Standard
Victory
Conquest
Starting age
Dark Age
Ending age
Imperial Age
RankedLock teamsTeams togetherTeam positionsShared explorationLock speedFull tech treeHidden civsTurbo modeCheats
Victory
Defeat
🇹🇼 Huns · Taiwan
1016
+13
🇧🇷 Franks · Brazil
970
+15
🇹🇼 Persians · Taiwan
961
+15
🇮🇳 Vietnamese · India
1008
-16
🇮🇳 Byzantines · India
1000
-51
🇮🇳 Magyars · India
822
-10
thiago.sensy
8:39 Loom
11:23 Feudal Age
12:05 Double-Bit Axe
14:50 Wheelbarrow
18:41 Castle Age
18:24 Gold Mining
18:27 Stone Mining
19:44 Bow Saw
26:18 Hand Cart
31:15 Scale Barding Armor
31:10 Scale Mail Armor
31:21 Forging
31:01 Fletching
31:12 Padded Archer Armor
32:59 Sanctity
37:29 Imperial Age
36:20 Husbandry
38:29 Chain Barding Armor
38:24 Chain Mail Armor
38:45 Iron Casting
38:05 Bodkin Arrow
38:54 Cavalier
45:04 Paladin
48:03 Plate Barding Armor
48:28 Blast Furnace
47:44 Leather Archer Armor
47:52 Ballistics
51:00 Blast Furnace
51:03 Chemistry
50:38 Plate Mail Armor
吶舞顆林
10:18 Feudal Age
10:57 Double-Bit Axe
11:02 Horse Collar
12:16 Bloodlines
13:00 Loom
13:34 Scale Barding Armor
19:18 Forging
20:39 Wheelbarrow
24:19 Castle Age
22:25 Town Watch
23:00 Fletching
24:24 Light Cavalry
25:05 Husbandry
27:00 Chain Barding Armor
28:25 Bow Saw
29:58 Bodkin Arrow
31:26 Padded Archer Armor
33:26 Thumb Ring
36:12 Iron Casting
37:02 Ballistics
40:44 Leather Archer Armor
42:13 Masonry
47:00 Imperial Age
44:48 Hand Cart
47:38 Heavy Plow
48:54 Heavy Cavalry Archer
50:00 Parthian Tactics
49:36 Bracer
50:50 Town Patrol
52:27 Chemistry
Barbarian
7:09 Loom
11:30 Feudal Age
16:21 Castle Age
16:51 Horse Collar
16:57 Double-Bit Axe
22:50 Wheelbarrow
24:54 Hand Cart
32:12 Imperial Age
32:15 Husbandry
32:29 Bloodlines
34:06 Cavalier
35:18 Kamandaran
35:59 Heavy Plow
36:55 Forging
36:51 Scale Barding Armor
38:25 Iron Casting
37:33 Savar
40:38 Chain Barding Armor
43:40 Blast Furnace
43:15 Plate Barding Armor
Ukur
11:49 Feudal Age
14:07 Double-Bit Axe
18:50 Bloodlines
23:19 Wheelbarrow
25:28 Castle Age
28:22 Pikeman
31:32 Scale Barding Armor
31:34 Husbandry
32:24 Hand Cart
32:38 Chain Barding Armor
32:36 Corvinian Army
34:43 Bow Saw
34:16 Horse Collar
43:36 Imperial Age
44:04 Elite Magyar Huszar
nini1294
7:29 Loom
11:37 Feudal Age
14:43 Double-Bit Axe
19:25 Castle Age
21:25 Scale Mail Armor
23:23 Wheelbarrow
23:54 Bow Saw
24:11 Forging
27:17 Squires
27:37 Horse Collar
29:08 Pikeman
30:29 Town Watch
30:59 Heavy Plow
34:55 Chain Mail Armor
37:13 Hand Cart
37:07 Fletching
38:53 Padded Archer Armor
42:07 Bodkin Arrow
KHILJI
17:48 Feudal Age
18:45 Horse Collar
21:24 Double-Bit Axe
24:37 Forging
24:34 Scale Mail Armor
24:42 Scale Barding Armor
26:20 Wheelbarrow
34:23 Castle Age
36:39 Pikeman
37:45 Bow Saw
37:40 Heavy Plow
38:00 Hand Cart
Connection lost

Rejoining the realm…

Still unreachable

The connection could not be restored.

Session expired

The server has moved on; the page needs a fresh start.